 Dungeon Crawl Stone Soup version 0.16-a0-3758-g7fc8210 (webtiles) character file.

266 vatarom the Conjurer (level 6, -4/45 HPs)
             Began as a Draconian Conjurer on Jan 23, 2015.
             Slain by Johnny's ghost (11 damage)
             ... on level 4 of the Dungeon.
             The game lasted 00:09:52 (3827 turns).

vatarom the Conjurer (Draconian Conjurer)           Turns: 3827, Time: 00:09:52

Health: -4/45      AC:  7    Str: 11      XL:     6   Next: 0%
Magic:  6/17       EV: 12    Int: 19      God:
Gold:   114        SH:  0    Dex: 10 (11) Spells: 5 memorised, 1 level left

rFire  . . .     SeeInvis .     m - +0 whip (drain)
rCold  . . .     Clarity  .     (armour unavailable)
rNeg   . . .     SustAb   .     (no shield)
rPois  .         Gourm    .     (helmet restricted)
rElec  .         Spirit   .     (no cloak)
rCorr  .         Warding  .     (no gloves)
rMut   .         Stasis   .     d - +0 pair of boots
MR     .....                    (no amulet)
Stlth  ++........               (no ring)
                                g - ring of teleport control

@: not resistant to hostile enchantments, unstealthy
A: unfitting armour, clever 1, cold-blooded, AC +6
a: Evoke Teleport Control


You were on level 4 of the Dungeon.
You were hungry.

You visited 1 branch of the dungeon, and saw 4 of its levels.

You collected 114 gold pieces.

Inventory:

Hand weapons
 a - a +0 mace
 b - a +1 short sword of venom
 l - a +1 spear
 m - a +0 whip of draining (weapon)
Missiles
 j - 2 javelins (quivered)
Armour
 d - a +0 pair of boots (worn)
Jewellery
 g - a ring of teleport control (left hand)
Magical devices
 p - a wand of slowing (23)
Scrolls
 o - 2 scrolls of identify
 q - 2 scrolls of amnesia
Potions
 n - a potion of resistance {unknown}
 r - a potion of flight {unknown}
 s - a potion of brilliance {unknown}
Books
 c - a book of Conjurations

   Spells                             Type                      Level
   a - Magic Dart                     Conjuration                  1
   b - Searing Ray                    Conjuration                  2
   c - Dazzling Spray                 Conjuration/Hexes            3
   d - Fulminant Prism                Conjuration/Hexes            4
   e - Iskenderun's Mystic Blast      Conjuration                  4
   f - Iskenderun's Battlesphere      Conjuration/Charms           5
Comestibles
 f - a meat ration
 h - a slice of pizza
 i - a bread ration
 k - a royal jelly


   Skills:
 - Level 1.7 Dodging
 - Level 1.7 Stealth
 - Level 5.0 Spellcasting
 + Level 5.1 Conjurations


You had one spell level left.
You knew the following spells:

 Your Spells              Type           Power        Failure   Level  Hunger
a - Magic Dart            Conj           ###.         1%          1    None
b - Searing Ray           Conj           ###...       2%          2    #......
c - Dazzling Spray        Conj/Hex       ##......     14%         3    ##.....
d - Iskenderun's Mystic   Conj           ###.....     17%         4    ####...
e - Fulminant Prism       Conj/Hex       ##........   50%         4    ####...


Dungeon Overview and Level Annotations

Branches:
Dungeon (4/15)
 Temple: D:4-7

Altars:
Kikubaaqudgha

Annotations:
D:2 Sigmund
D:4 Johnny's ghost, average FoFi; Natasha


Innate Abilities, Weirdness & Mutations

Your plain brown scales are hard (AC +6).
Your body does not fit into most forms of armour.
Your cold-blooded metabolism reacts poorly to cold.
Your mind is acute. (Int +2)


Message History

There is an open door here.
Natasha, Servant of Life and Death comes into view.
Natasha hisses angrily.
Natasha casts a spell at you. The magic dart hits you!
* * * LOW HITPOINT WARNING * * *
Natasha casts a spell.
An ogre comes into view. It is wielding a giant club.
Natasha moves out of view.
Your magical contamination has completely faded away.
Something unseen opens the door.
Natasha casts a spell.
You open the door.
The white imp grinds its teeth.
Johnny's ghost misses you.
There is an open door here.
Natasha casts a spell.
There is a stone staircase leading up here.
Johnny's ghost hits you!
You die...

. ... . #.##.#
..##.##.## .....#..#
.O..#..# . ...5.. ..
#.##.#
..##.##.#########♣ #
...#.5...Og'hh5W@♣ P#
...'.##..###.##..♣ .♣
..##.##..###.##..♣♣.♣
. ##h##......##...P♣
..#..##..##..##..♣♣♣
..'.g###)##..##..♣
..##.##..###+##..♣
#.##.##...#..##..#♣♣♣
#.'..[....+......##.♣


You could see an ogre, a hound, Natasha, Johnny's ghost, a white imp and a
goblin.

Vanquished Creatures
  A vampire bat (D:2)
  A hound (D:3)
  A worker ant (D:4)
  3 gnolls (D:2)
  An adder (D:2)
  2 giant mites (D:3)
  5 worms
  5 orcs (D:3)
  15 bats
  2 bat skeletons (D:2)
  3 bat zombies (D:2)
  6 giant cockroaches
  7 hobgoblins
  2 jackals (D:2)
  4 giant geckos
  3 giant newts
  9 goblins
  9 kobolds
  9 rats
88 creatures vanquished.

Notes
Turn   | Place    | Note
--------------------------------------------------------------
     0 | D:1      | vatarom, the Draconian Conjurer, began the quest for the Orb.
     0 | D:1      | Reached XP level 1. HP: 14/14 MP: 3/3
   264 | D:1      | Reached XP level 2. HP: 12/20 MP: 5/5
   811 | D:1      | Learned a level 2 spell: Searing Ray
   937 | D:2      | Found an ancient bone altar of Kikubaaqudgha.
   937 | D:2      | Noticed a vampire bat
   946 | D:2      | Killed a vampire bat
   946 | D:2      | Reached XP level 3. HP: 18/26 MP: 7/9
   989 | D:2      | Learned a level 3 spell: Dazzling Spray
  1014 | D:2      | Reached XP level 4. HP: 15/33 MP: 2/11
  1479 | D:2      | Noticed Sigmund
  1481 | D:2      | Gained mutation: Your mind is acute. (Int +2) [potion of beneficial mutation]
  2385 | D:2      | Reached XP level 5. HP: 38/38 MP: 10/14
  2393 | D:2      | Reached skill level 5 in Spellcasting
  2478 | D:2      | Learned a level 4 spell: Iskenderun's Mystic Blast
  2650 | D:3      | Found a glowing drain.
  3569 | D:4      | Reached skill level 5 in Conjurations
  3767 | D:4      | Learned a level 4 spell: Fulminant Prism
  3785 | D:4      | Reached XP level 6. HP: 43/45 MP: 17/17
  3790 | D:4      | Noticed Johnny's ghost (average FoFi)
  3812 | D:4      | Noticed Natasha
  3814 | D:4      | Noticed an ogre
  3827 | D:4      | Slain by Johnny's ghost

Action                   |  1- 3 |  4- 6 || total
-------------------------+-------+-------++-------
Melee: Mace              |    47 |       ||    47
       Unarmed           |     1 |       ||     1
       Spear             |       |    70 ||    70
       Short sword       |       |    38 ||    38
       Whip              |       |   101 ||   101
 Cast: Magic Dart        |    12 |    12 ||    24
       Searing Ray       |     3 |     5 ||     8
       Dazzling Spray    |       |     5 ||     5
       Iskenderun's Myst |       |     1 ||     1
  Use: Scroll            |     4 |     3 ||     7
       Potion            |       |     9 ||     9
 Stab: Sleeping          |       |     7 ||     7
       Invisible         |       |     1 ||     1
  Eat: Meat ration       |       |     1 ||     1
       Bread ration      |       |     1 ||     1
       Chunk             |       |     1 ||     1
